Description

1 Gate expand in PvP build from ExehnTV. Go check out his video for the description of the build and what to do against Proxy Robo (replay is vs proxy robo). It is important that you watch the video to understand how to be safe against cannon rush and aggression. Also note that in the BO the 2nd assimilator is earlier than usual as in the game the opponent went in with a probe so Exhen built it earlier to prevent a steal. Usually you want to make it later.

Another thing to note is that if your opponent is not being aggressive you want to get your second gate before your robo.

He has some other great builds in his channel so go check 'em out.

VOD

https://youtu.be/2ilqcMJNCog

Replay - 1 gate expo vs proxy robo

Build Order

Get SALT Encoding   

  12  0:02  Probe  
  13  0:14  Probe  
  14  0:20  Pylon  
  14  0:26  Probe (Chrono Boost)  
  15  0:38  Probe (Chrono Boost)  
  15  0:39  Gateway  
  16  0:47  Probe (Chrono Boost)  
  17  0:52  Probe, Assimilator  
  18  1:05  Probe  
  19  1:17  Probe  
  20  1:25  Assimilator  
  20  1:26  Cybernetics Core  
  20  1:38  Nexus  
  20  1:42  Probe  
  21  1:48  Pylon  
  21  1:52  Assimilator  
  21  1:54  Probe  
  22  2:03  Warp Gate (Chrono Boost)  
  22  2:05  Stalker (Chrono Boost)  
  24  2:10  Probe  
  25  2:24  Pylon  
  25  2:27  Probe  
  25  2:28  Stalker  
  28  2:43  Robotics Facility  
  28  2:45  Probe  
  28  2:48  Shield Battery  
  29  2:55  Probe x2  
  31  2:58  Stalker  
  33  3:07  Probe x2  
  34  3:19  Probe  
  35  3:27  Probe x2  
  35  3:28  Stalker  
  35  3:32  Immortal (Chrono Boost)  
  39  3:40  Probe x2  
  45  3:53  Gateway x2  
  45  3:59  Pylon  
  45  4:05  Probe  
  46  4:11  Pylon  
  46  4:14  Immortal (Chrono Boost)  
  50  4:22  Sentry  
  52  4:33  Probe  
  52  4:36  Pylon  
  53  4:47  Stalker  
  55  4:59  Immortal (Chrono Boost), Stalker x2  
  59  5:03  Probe x2  
  59  5:06  Pylon  
  64  5:11  Stalker  
  67  5:14  Shield Battery  
  67  5:21  Gateway x2  
  67  5:23  Stalker  
  60  5:45  Adept x3  
Spawning Tool Build Advisor. Get it on Overwolf

Go to:

Details

  • Created by: janpol8
  • Published on: Aug 05, 2020
  • Modified on: Aug 05, 2020
  • Patch: 4.11.0
  • Difficulty: Easy
Show
View Real Time Build Order
Export as new Build Order

Comments (0)

There are no comments. Be the first!

Create an account to comment!